 Dungeon Crawl Stone Soup version 0.30-a0-950-gbf40cfac39 (webtiles) character file.

Game seed: 18308710326680356541

805 112233 the Digger (level 7, -7/45 HPs)
             Began as an Octopode Earth Elementalist on Mar 27, 2023.
             Mangled by a sleepcap (21 damage)
             ... on level 4 of the Dungeon.
             The game lasted 00:03:55 (4019 turns).

112233 the Digger (Octopode Earth Elementalist)     Turns: 4019, Time: 00:03:56

Health: -7/45      AC:  1    Str:  8      XL:     7   Next: 91%
Magic:  11/14      EV:  2    Int: 20 (21) God:
Gold:   172        SH:  0    Dex: 12      Spells: 9/16 levels left

rFire   . . .      SeeInvis +    c - +9 sling of Desertification {freeze, Int+2 SInv}
rCold   . . .      Faith    .    (no shield)
rNeg    . . .      Spirit   .    (helmet restricted)
rPois   .          Reflect  .    (no amulet)
rElec   .          Rampage  .    (no ring)
rCorr   .                        (no ring)
Will    .....                    (no ring)
Stlth   +++                      (no ring)
HPRegen 0.27/turn                (no ring)
MPRegen 0.14/turn                (no ring)
                                 (no ring)
                                 (no ring)

@: sleeping
A: almost no armour, amphibious, 8 rings, camouflage 1, gelatinous body 1,
(nimble swimmer 1), tentacles
a: no special abilities


You were on level 4 of the Dungeon.
You visited 1 branch of the dungeon, and saw 4 of its levels.

You collected 172 gold pieces.

Inventory:

Hand Weapons
 b - a +3 spectral club
 c - the +9 sling of Desertification (weapon) {freeze, Int+2 SInv}
   (You took it off a hobgoblin on level 2 of the Dungeon)

   Int:       It affects your intelligence (+2).
   SInv:      It lets you see invisible.
 p - the +5 spear "Spider's Foe" {flame, Dex+6}
   (You found it on level 3 of the Dungeon)

   Dex:       It affects your dexterity (+6).
Missiles
 e - a throwing net
Jewellery
 f - a ring of fire
Scrolls
 d - 3 scrolls of teleportation {unknown}
 g - 5 scrolls of identify {unknown}
 h - 3 scrolls of enchant armour {unknown}
 i - 2 scrolls of poison {unknown}
 j - a scroll of magic mapping {unknown}
 k - a scroll of butterflies {unknown}
 l - a scroll of vulnerability {unknown}
 n - a scroll of torment {unknown}
 q - a scroll of immolation {unknown}
 r - a scroll of noise {unknown}
Potions
 a - a potion of haste {unknown}
 m - 2 potions of mutation {unknown}
 o - a potion of flight {unknown}


   Skills:
 + Level 2.6 Fighting
 + Level 3.4 Dodging
 - Level 2.8 Stealth
 + Level 5.1 Spellcasting
 - Level 1.0 Transmutations
 + Level 6.0 Earth Magic


You had 9 spell levels left.
You knew the following spells:

 Your Spells              Type           Power      Damage    Failure   Level
a - Sandblast             Erth           58%        2d13      1%          1
b - Stone Arrow           Conj/Erth      34%        3d9       10%         3
c - Passwall              Tmut/Erth      15%        N/A       4%          2
d - Apportation           Tloc           10%        N/A       12%         1

Your spell library contained the following spells:

 Spells                   Type           Power      Damage    Failure   Level
 Necrotise                Necr           20%        1d5       12%         1
 Summon Small Mammal      Summ           20%        N/A       12%         1
 Petrify                  Tmut/Erth      19%        N/A       26%         4
 Airstrike                Air            2%         2d(1-17)  75%         4
 Summon Lightning Spire   Summ/Air       5%         N/A       75%         4
 Plasma Beam              Fire/Air       2%         2x1d14    97%         5


Dungeon Overview and Level Annotations

Branches:
Dungeon (4/15)
 Temple: D:4-7

Altars:
Xom

Annotations:
D:3 exclusion: downstairs


Innate Abilities, Weirdness & Mutations

You cannot wear most types of armour.
You are amphibious.
You can wear up to eight rings at the same time.
Your skin changes colour to match your surroundings (Stealth+).
Your rubbery body absorbs attacks. (AC +1, EV +1)
((You are camouflaged when in or above water. (Stealth+)))
You have tentacles for arms and can constrict up to eight enemies at once.


Message History

You shoot a sling bullet. The sling bullet hits the sleepcap.
The sling bullet freezes the sleepcap.
The sleepcap is lightly damaged.
The sleepcap releases spores at you.
You are engulfed in a cloud of soporific spores!
You fall asleep.
The sleepcap releases spores at you!!
You wake up.
You are engulfed in a cloud of soporific spores!
You are unaffected.
Casting: Sandblast (safe; 1% risk of failure)
Confirm with . or Enter, or press ? or * to list all spells.
Aiming: Sandblast (safe; 1% risk of failure)
Press: ? - help, Shift-Dir - straight line, f/p - sleepcap
Aim: a sleepcap (lightly damaged, 100% to hit)
The blast of sand hits the sleepcap.
The sleepcap is lightly damaged.
The sleepcap releases spores at you.
You are engulfed in a cloud of soporific spores!
You are unaffected.
The sleepcap barely misses you.
Casting: Sandblast (safe; 1% risk of failure)
Confirm with . or Enter, or press ? or * to list all spells.
Aiming: Sandblast (safe; 1% risk of failure)
Press: ? - help, Shift-Dir - straight line, f/p - sleepcap
Aim: a sleepcap (lightly damaged, 100% to hit)
The blast of sand hits the sleepcap!
The sleepcap is moderately damaged.
The sleepcap completely misses you.
Unknown command.
Casting: Sandblast (safe; 1% risk of failure)
Confirm with . or Enter, or press ? or * to list all spells.
Aiming: Sandblast (safe; 1% risk of failure)
Press: ? - help, Shift-Dir - straight line, f/p - sleepcap
Aim: a sleepcap (moderately damaged, 100% to hit)
The blast of sand hits the sleepcap!
The sleepcap is severely damaged.
The sleepcap releases spores at you.
You are engulfed in a cloud of soporific spores!
You fall asleep.
The sleepcap releases spores at you!!
You die...

.....# y....# .#
y....# ... .....#
.... .....# ..#
###### <.. ...... #
#.#############.....
#.f.##..............
##@.........†......
#..................
#..................
#............).....
#..................
#....###.#####.....
#....# #....##.|...
#....# ####..#.....
#....#######..###.#


You could see a sleepcap.

Vanquished Creatures
  Grinder (D:3)
  Sigmund (D:2)
  An ogre (D:4)
  A phantom (D:3)
  A killer bee (D:3)
  Jessica (D:2)
  An orc wizard (D:4)
  Robin (D:2)
  4 gnolls (D:4)
  6 adders
  2 dart slugs
  4 worms
  7 orcs
  3 bats
  5 endoplasms
  5 giant cockroaches
  12 goblins
  14 hobgoblins
  5 quokkas
  10 ball pythons
  5 frilled lizards
  4 kobolds
  7 rats
101 creatures vanquished.

Notes
Turn   | Place    | Note
-------+----------+-------------------------------------------
     0 | D:1      | 112233 the Octopode Earth Elementalist began the quest for
                  | the Orb.
     0 | D:1      | Reached XP level 1. HP: 11/11 MP: 3/3
    31 | D:2      | Reached XP level 2. HP: 12/17 MP: 1/5
    93 | D:2      | Reached XP level 3. HP: 21/21 MP: 0/6
    93 | D:2      | Noticed Jessica
   286 | D:2      | Killed Jessica
   287 | D:2      | Reached XP level 4. HP: 18/27 MP: 3/8
   365 | D:2      | Reached skill level 4 in Earth Magic
  1885 | D:2      | Noticed Robin
  1895 | D:2      | Reached XP level 5. HP: 15/31 MP: 4/10
  1929 | D:2      | Killed Robin
  1984 | D:2      | Learned a level 3 spell: Stone Arrow
  1987 | D:2      | Learned a level 2 spell: Passwall
  2076 | D:2      | Identified the +9 sling of Desertification {freeze, Int+2
                  | SInv}
  2181 | D:2      | Noticed Sigmund
  2184 | D:2      | Killed Sigmund
  2185 | D:2      | Reached skill level 5 in Earth Magic
  2185 | D:2      | Reached XP level 6. HP: 35/36 MP: 10/12
  2419 | D:3      | Noticed Grinder
  2421 | D:3      | Paralysed by Grinder for 4 turns
  2435 | D:3      | Killed Grinder
  2436 | D:3      | Reached skill level 1 in Fighting
  2436 | D:3      | Reached XP level 7. HP: 30/43 MP: 9/14
  2646 | D:3      | Found a faded altar of an unknown god.
  2651 | D:3      | Identified the +5 spear "Spider's Foe" {flame, Dex+6}
  3183 | D:3      | Found a shimmering altar of Xom.
  3770 | D:4      | Learned a level 1 spell: Apportation
  3820 | D:4      | Reached skill level 5 in Spellcasting
  3971 | D:4      | Reached skill level 6 in Earth Magic
  4019 | D:4      | Mangled by a sleepcap

Illustrated notes

Levels and vault maps discovered:
D:1:      dpeg_arrival_refuge, layout_basic, chequers_garden
D:2:      layout_basic, grunt_decor_fettered, minmay_three_crescents,
          uniq_jessica, uniq_sigmund, uniq_robin
D:3:      minmay_chambers_of_twos, layout_basic, marbit_many_paths,
          basic_ecumenical_altar, nicolae_titane, uniq_grinder
D:4:      layout_basic, ebering_ghost_gozag, uniq_menkaure, uniq_blork_the_orc,
          uniq_ijyb, uniq_natasha

Skill      XL: |  1  2  3  4  5  6  7 |
---------------+----------------------+-----
Spellcasting   | 3 4 5 |  5.1
Earth Magic    | 4 5 6 |  6.0
Fighting       | 1 2 |  2.6
Dodging        | 3 |  3.4
Stealth        | |  2.8
Transmutations | |  1.0

Action                     |  1- 3 |  4- 6 |  7- 9 || total
---------------------------+-------+-------+-------++-------
  Melee: Unarmed           |     8 |       |       ||     8
         Constrict         |     2 |     1 |       ||     3
         Tentacles         |     1 |     1 |       ||     2
         Club              |       |     3 |       ||     3
   Fire: Sling             |       |    11 |    64 ||    75
   Cast: Sandblast         |    19 |    58 |    16 ||    93
    Use: Potion            |     1 |     3 |     1 ||     5
   Stab: Sleeping          |       |     1 |       ||     1
 Armour: Skin              |       |     2 |     1 ||     3
  Dodge: Dodged            |    16 |    18 |    19 ||    53

Table legend: (Time is in decaauts)
 A = Elapsed time spent in this place.
 B = Non-inter-level travel time spent in this place.
 C = Inter-level travel time spent in this place.
 D = Time resting spent in this place.
 E = Time spent auto-exploring this place.
 F = Levels seen in this place.
 G = Mean time per level.
                   A        B        C        D        E       F      G
               +--------+--------+--------+--------+--------+-----+--------+
         Total |   4098 |   3757 |    341 |    628 |   2594 |   4 | 1024.5 |
       Dungeon |   4098 |   3757 |    341 |    628 |   2594 |   4 | 1024.5 |
               +--------+--------+--------+--------+--------+-----+--------+

Top non-repeatable levels by time:
     D:3: 1353 daAuts
     D:2: 1238 daAuts
     D:1: 1204 daAuts
     D:4: 302 daAuts
